 Dungeon Crawl Stone Soup version 0.30.0-17-ge0270778cf (webtiles) character file.

Game seed: 10724192764137114075

20 Cheops the Digger (level 2, -3/21 HPs)
             Began as an Armataur Earth Elementalist on May 22, 2023.
             Slain by Robin
             ... wielding a +0 falchion
              (5 damage)
             ... on level 2 of the Dungeon.
             The game lasted 00:01:11 (600 turns).

Cheops the Digger (Armataur Earth Elementalist)      Turns: 600, Time: 00:01:12

Health: -3/21      AC:  4    Str: 13    XL:     2   Next: 58%
Magic:  0/4        EV:  9    Int: 15    God:
Gold:   8          SH:  0    Dex: 10    Spells: 3/4 levels left

rFire   . . .        a - +0 dagger
rCold   . . .        (no shield)
rNeg    . . .        e - +0 robe
rPois   .            (no helmet)
rElec   .            (no cloak)
rCorr   .            (no gloves)
SInv    .            (no barding)
Will    .....        (no amulet)
Stlth   ++           (no ring)
HPRegen 0.23/turn    (no ring)
MPRegen 0.09/turn

%: roll
@: no status effects
A: large, rugged brown scales 3, deformed body, armoured tail, roll, long
tongue, awkward tongue
a: no special abilities


You were on level 2 of the Dungeon.
You visited 1 branch of the dungeon, and saw 2 of its levels.

You collected 8 gold pieces.

Inventory:

Hand Weapons
 a - a +0 dagger (weapon)
Armour
 e - a +0 robe (worn)
Jewellery
 c - a ring of protection from cold
Scrolls
 f - a scroll of teleportation {unknown}
 j - a scroll of blinking {unknown}
 k - a scroll of immolation {unknown}
Potions
 b - a potion of magic
 d - 2 potions of berserk rage {unknown}
 g - a potion of cancellation {unknown}
 h - a potion of resistance {unknown}
 i - a potion of flight {unknown}


   Skills:
 - Level 1.3 Dodging
 - Level 2.1 Stealth
 - Level 1.7 Spellcasting
 - Level 0.8 Transmutations
 + Level 3.6 Earth Magic


You had 3 spell levels left.
You knew the following spells:

 Your Spells              Type           Power      Damage    Failure   Level
a - Sandblast             Erth           24%        2d8       5%          1

Your spell library contained the following spells:

 Spells                   Type           Power      Damage    Failure   Level
 Passwall                 Tmut/Erth      6%         N/A       14%         2
 Stone Arrow              Conj/Erth      12%        3d7       32%         3
 Petrify                  Tmut/Erth      8%         N/A       65%         4


Dungeon Overview and Level Annotations

Branches:
Dungeon (2/15)

Altars:
Xom

Annotations:
D:2 Robin, Terence


Innate Abilities, Weirdness & Mutations

You are completely covered in rugged brown scales. (AC +3, +7% HP)
Armour fits poorly on your strangely shaped body.
You have a long armoured tail.
You roll when moving toward enemies. (Rampage)
Your long tongue fully drains potion bottles. (2x potion effects)
Your tongue gives you trouble enunciating. (1.5x scroll delay)


Message History

A kobold comes into view. It is wielding a +0 club.
Casting: Sandblast (safe; 5% risk of failure)
Confirm with . or Enter, or press ? or * to list all spells.
Aiming: Sandblast (safe; 5% risk of failure)
Press: ? - help, Shift-Dir - straight line, f - Robin
Aim: Robin, wielding a +0 falchion, wearing a +1 animal skin and wearing a +0 helmet (87% to hit)
The blast of sand hits Robin.
Robin is lightly wounded.
Terence the Incautious comes into view.
He is wielding a +1 flail of protection.
Robin barely misses you. Robin hits you but does no damage.
A hobgoblin comes into view.
Casting: Sandblast (safe; 5% risk of failure)
Confirm with . or Enter, or press ? or * to list all spells.
Aiming: Sandblast (safe; 5% risk of failure)
Press: ? - help, Shift-Dir - straight line, f/p - Robin
Aim: Robin, wielding a +0 falchion, wearing a +1 animal skin and wearing a +0 helmet (lightly wounded, 87% to hit)
The blast of sand misses Robin.
The blast of sand hits the hobgoblin.
The hobgoblin is severely wounded.
Robin barely misses you.
Casting: Sandblast (safe; 5% risk of failure)
Confirm with . or Enter, or press ? or * to list all spells.
Aiming: Sandblast (safe; 5% risk of failure)
Press: ? - help, Shift-Dir - straight line, f/p - Robin
Aim: Robin, wielding a +0 falchion, wearing a +1 animal skin and wearing a +0 helmet (lightly wounded, 87% to hit)
The blast of sand misses Robin.
The blast of sand misses the hobgoblin.
The blast of sand hits the goblin!
You kill the goblin!
Robin hits you with a +0 falchion.
* * * LOW HITPOINT WARNING * * *
Terence shouts, "Now you die!"
A goblin comes into view. It is wielding a +0 vampiric dagger.
Robin hits you with a +0 falchion.
* * * LOW HITPOINT WARNING * * *
Items here: ))) †††.
Robin attacks as you move away! Robin hits you with a +0 falchion.
* * * LOW HITPOINT WARNING * * *
Robin attacks as you move away! Robin hits you with a +0 falchion.
* * * LOW HITPOINT WARNING * * *
Robin attacks as you move away! Robin hits you with a +0 falchion.
You die...

#.####........K.
.g...........g)#
#.#.#....... #g#
#.#.#..##.####@#
###.#.#........#g#
>...#.#.###g##.#g#
###.....# #g##.#.#
#.#.#.# #.##.#g#
#.#.#.# #.##.#@#
#.#.#.###.##.#.#
#.#......gg....#
#.###.###.........#
### #.#
#########.... .#
###


You could see Terence, Robin, 3 hobgoblins and a goblin (strong).

Vanquished Creatures
  A dart slug (D:1)
  A ball python (D:1)
  2 endoplasms (D:1)
  4 goblins (D:2)
  2 hobgoblins
  A kobold (D:1)
  2 quokkas (D:1)
  A bat (D:1)
  A rat (D:1)
15 creatures vanquished.

Notes
Turn   | Place    | Note
-------+----------+-------------------------------------------
     0 | D:1      | Cheops the Armataur Earth Elementalist began the quest for
                  | the Orb.
     0 | D:1      | Reached XP level 1. HP: 14/14 MP: 3/3
   110 | D:1      | Reached skill level 3 in Earth Magic
   252 | D:1      | Reached XP level 2. HP: 19/21 MP: 1/4
   548 | D:1      | You fall into a shaft and drop 1 floor!
   551 | D:2      | Found a shimmering altar of Xom.
   551 | D:2      | Noticed Robin
   593 | D:2      | Noticed Terence
   599 | D:2      | HP: 1/21 [Robin/+0 falchion (1)]
   600 | D:2      | Slain by Robin

Illustrated notes

Levels and vault maps discovered:
D:1:      saegor_arrival_simple_b, layout_basic
D:2:      layout_basic, basic_altar, uniq_terence, uniq_robin

Skill      XL: |  1 |
---------------+----+-----
Earth Magic    | 3 |  3.6
Dodging        | |  1.3
Stealth        | |  2.1
Spellcasting   | |  1.7
Transmutations | |  0.8

Action                     || total
---------------------------++-------
  Melee: Dagger            ||    14
         Tailslap          ||     2
   Cast: Sandblast         ||    19
 Armour: Robe              ||     7
  Dodge: Dodged            ||     6
